 Dungeon Crawl Stone Soup version 0.22-a0-422-g9628fc8 (webtiles) character file.

77 PegasusDuck the Changer (level 4, 0/34 HPs)
             Began as a Gnoll Wanderer on May 16, 2018.
             Slain by a wight
             ... wielding a +2 halberd of freezing
              (3 damage)
             ... on level 2 of the Dungeon.
             The game lasted 00:02:46 (1334 turns).

PegasusDuck the Changer (Gnoll Wanderer)            Turns: 1334, Time: 00:02:46

Health: 0/34       AC:  5    Str: 21    XL:     4   Next: 34%
Magic:  11/11      EV: 10    Int: 13    God:
Gold:   73         SH:  0    Dex: 13    Spells: 12/13 levels left

rFire    . . .     SeeInvis .   a - +2 dagger
rCold    . . .     Gourm    .   (no shield)
rNeg     . . .     Faith    .   k - +0 ring mail
rPois    .         Spirit   .   (no helmet)
rElec    .         Reflect  .   (no cloak)
rCorr    .         Harm     .   (no gloves)
MR       .....                  (no boots)
Stlth    ++........             (no amulet)
HPRegen  0.11/turn              i - +3 ring of strength
MPRegen  0.12/turn              n - ring of flight

@: drained
A: distributed training, fangs 1, strong nose
a: Evoke Flight


You were on level 2 of the Dungeon.
You were very hungry.

You visited 1 branch of the dungeon, and saw 2 of its levels.

You collected 73 gold pieces.

Inventory:

Hand Weapons
 a - a +2 dagger (weapon)
Missiles
 q - 2 javelins (quivered)
Armour
 e - a +0 robe
 k - a +0 ring mail (worn)
Jewellery
 i - a +3 ring of strength (left hand)
 n - a ring of flight (right hand)
Scrolls
 b - a scroll of blinking
 l - a scroll of enchant armour
 m - a scroll of immolation
Potions
 c - a potion of haste {unknown}
 d - 2 potions of degeneration {unknown}
 g - 2 potions of heal wounds {unknown}
 h - a potion of might {unknown}
 j - 2 potions of curing {unknown}
Comestibles
 f - 4 rations


   Skills:
 + Level 2.7(2.4) Fighting
 + Level 2.7(2.4) Short Blades
 + Level 1.1(0.7) Long Blades
 + Level 1.1(0.7) Axes
 + Level 1.1(0.7) Maces & Flails
 + Level 1.1(0.7) Polearms
 + Level 1.1(0.7) Staves
 + Level 1.1(0.7) Slings
 + Level 1.1(0.7) Bows
 + Level 1.1(0.7) Crossbows
 + Level 1.1(0.7) Throwing
 + Level 1.1(0.7) Armour
 + Level 1.1(0.7) Dodging
 + Level 4.2(3.9) Stealth
 + Level 1.1(0.7) Shields
 + Level 1.1(0.7) Unarmed Combat
 + Level 5.0(4.7) Spellcasting
 + Level 0.8(0.5) Conjurations
 + Level 0.8(0.5) Hexes
 + Level 0.8(0.5) Charms
 + Level 0.8(0.5) Summonings
 + Level 0.8(0.5) Necromancy
 + Level 0.8(0.5) Translocations
 + Level 5.4(5.1) Transmutations
 + Level 0.8(0.5) Fire Magic
 + Level 0.8(0.5) Ice Magic
 + Level 0.8(0.5) Air Magic
 + Level 0.8(0.5) Earth Magic
 + Level 0.8(0.5) Poison Magic
 + Level 1.2(0.9) Invocations
 + Level 2.7(2.4) Evocations


You had 12 spell levels left.
You knew the following spells:

 Your Spells              Type           Power        Failure   Level  Hunger
a - Beastly Appendage     Tmut           ###...       4%          1    None

Your spell library contained the following spells:

 Spells                   Type           Power        Failure   Level  Hunger
 Stone Arrow              Conj/Erth      #.....       61%         3    ###....
 Ignite Poison            Fire/Tmut/Pois #.......     38%         3    ###....
 Sandblast                Erth           #.....       26%         1    None


Dungeon Overview and Level Annotations

Branches:
Dungeon (2/15)

Altars:


Innate Abilities, Weirdness & Mutations

Your experience applies equally to all skills.
You have very sharp teeth.
Your uncanny sense of smell can sniff out nearby items.


Message History

As you read the scroll labeled KYETOU MARAE, it crumbles to dust.
You feel blessed for a moment.
It was a scroll of remove curse.
The wight closely misses you. The adder barely misses you.
As you read the scroll labeled AMOFEJ DEECI, it crumbles to dust.
The scroll dissolves into smoke.
It was a scroll of fog.
Your talons disappear.
The adder closely misses you. The wight closely misses you.
The adder bites you but does no damage.
Okay, then.
You closely miss the adder. The adder bites you but does no damage.
The wight barely misses you.
You hit the adder.
The adder is moderately wounded.
The adder bites you but does no damage.
You miss the adder.
The adder is moderately wounded.
The wight hits you from afar with a halberd of freezing!
* * * LOW HITPOINT WARNING * * *
You feel drained.
You die...

#.#
##########
#(#
#.........
#z#
#.########
#§# #.# #§#
#.# #§# #.#
#z# #.# #S#
#.#
#@#######.#
#§§§......#
###########


You could see a wight and an adder.

Vanquished Creatures
  A wight (D:2)
  An adder (D:2)
  A worm (D:2)
  4 goblins (D:1)
  4 hobgoblins
  A quokka (D:2)
  8 bats
  3 frilled lizards (D:1)
  3 kobolds
  3 rats
29 creatures vanquished.

Notes
Turn   | Place    | Note
-------+----------+-------------------------------------------
     0 | D:1      | PegasusDuck the Gnoll Wanderer began the quest for the Orb.
     0 | D:1      | PegasusDuck set off with: a +2 dagger, a scroll of blinking, a +0 robe, a ration
     0 | D:1      | Reached XP level 1. HP: 17/17 MP: 6/6
     2 | D:1      | Learned a level 1 spell: Beastly Appendage
   222 | D:1      | Reached XP level 2. HP: 23/23 MP: 5/7
   866 | D:2      | Reached skill level 5 in Spellcasting
   866 | D:2      | Reached XP level 3. HP: 20/28 MP: 6/9
  1323 | D:2      | Reached skill level 1 in Long Blades
  1323 | D:2      | Reached skill level 1 in Axes
  1323 | D:2      | Reached skill level 1 in Maces & Flails
  1323 | D:2      | Reached skill level 1 in Polearms
  1323 | D:2      | Reached skill level 1 in Staves
  1323 | D:2      | Reached skill level 1 in Slings
  1323 | D:2      | Reached skill level 1 in Bows
  1323 | D:2      | Reached skill level 1 in Crossbows
  1323 | D:2      | Reached skill level 1 in Throwing
  1323 | D:2      | Reached skill level 1 in Armour
  1323 | D:2      | Reached skill level 1 in Dodging
  1323 | D:2      | Reached skill level 1 in Shields
  1323 | D:2      | Reached skill level 1 in Unarmed Combat
  1323 | D:2      | Reached skill level 1 in Invocations
  1323 | D:2      | Reached XP level 4. HP: 28/34 MP: 9/11
  1334 | D:2      | Slain by a wight

Vault maps used:
D:1:      dpeg_arrival_arbitrary_a, serial_curves, eino_curves_04,
          eino_curves_01

Skill      XL: |  1  2  3 |
---------------+----------+-----
Spellcasting   | 5 |  5.0
Long Blades    | 1 |  1.1
Axes           | 1 |  1.1
Maces & Flails | 1 |  1.1
Polearms       | 1 |  1.1
Staves         | 1 |  1.1
Slings         | 1 |  1.1
Bows           | 1 |  1.1
Crossbows      | 1 |  1.1
Throwing       | 1 |  1.1
Armour         | 1 |  1.1
Dodging        | 1 |  1.1
Shields        | 1 |  1.1
Unarmed Combat | 1 |  1.1
Invocations    | 1 |  1.2
Fighting       | |  2.7
Short Blades   | |  2.7
Stealth        | |  4.2
Conjurations   | |  0.8
Hexes          | |  0.8
Charms         | |  0.8
Summonings     | |  0.8
Necromancy     | |  0.8
Translocations | |  0.8
Transmutations | |  5.4
Fire Magic     | |  0.8
Ice Magic      | |  0.8
Air Magic      | |  0.8
Earth Magic    | |  0.8
Poison Magic   | |  0.8
Evocations     | |  2.7

Action                   |  1- 3 |  4- 6 || total
-------------------------+-------+-------++-------
Melee: Dagger            |    83 |     4 ||    87
       Kick              |     7 |       ||     7
       Bite              |     7 |       ||     7
Throw: Javelin           |     4 |     2 ||     6
 Cast: Beastly Appendage |    16 |       ||    16
  Use: Scroll            |     2 |     2 ||     4
 Stab: Sleeping          |     2 |       ||     2
Armor: Ring mail         |    30 |     6 ||    36
       Robe              |     4 |       ||     4
Dodge: Dodged            |    40 |     8 ||    48

Table legend:
 A = Spawn XP
 B = Non-spawn XP
 C = Spawn XP percentage of total XP
 D = Spawn monster count
 E = Non-spawn monster count
 F = Spawn count percentage of total count
 G = Total turns spent on level
                    A         B        C        D         E        F      G
               +---------+---------+-------+---------+---------+-------+---------
         Total |       0 |     111 |   0.0 |       0 |      29 |   0.0 |  1334
               +---------+---------+-------+---------+---------+-------+---------
           D:1 |       0 |      25 |   0.0 |       0 |      18 |   0.0 |   788
           D:2 |       0 |      86 |   0.0 |       0 |      11 |   0.0 |   546
               +---------+---------+-------+---------+---------+-------+---------
